 Dungeon Crawl Stone Soup version 0.24-a0-373-g39439d8 (webtiles) character file.

Game seed: 12294752072447336241

7891 robertstho the Grappler (level 11, -4/101 HPs)
             Began as a Troll Berserker on May 30, 2019.
             Was a High Priest of Trog.
             Slain by a killer bee (9 damage)
             ... on level 11 of the Dungeon on May 31, 2019.
             The game lasted 00:15:56 (5295 turns).

robertstho the Grappler (Troll Berserker)           Turns: 5295, Time: 00:15:57

Health: -4/101     AC:  8    Str: 30    XL:     11   Next: 2%
Magic:  8/10       EV: 12    Int:  3    God:    Trog [*****.]
Gold:   452        SH:  0    Dex:  9    Spells: 10/10 levels left

rFire    + + .     SeeInvis .     - Unarmed
rCold    . . .     Gourm    +   (no shield)
rNeg     . . .     Faith    .   a - +0 animal skin
rPois    .         Spirit   .   (helmet restricted)
rElec    .         Reflect  .   j - +1 cloak
rCorr    .         Harm     .   (gloves unavailable)
MR       .....                  (boots unavailable)
Stlth    +.........             (no amulet)
HPRegen  0.66/turn              h - ring of protection from fire
MPRegen  0.12/turn              B - ring of protection from fire

@: lethally poisoned (-4 -> -6), berserk cooldown, slowed, very slow
A: large, unfitting armour, claws 3, fast metabolism 3, gourmand, regeneration
1, shaggy fur 1, tough skin 3
a: Berserk, Trog's Hand, Brothers in Arms, Renounce Religion


You were on level 11 of the Dungeon.
You worshipped Trog.
Trog was extremely pleased with you.
You were full.

You visited 1 branch of the dungeon, and saw 9 of its levels.

You collected 452 gold pieces.

Inventory:

Hand Weapons
 s - a +0 giant spiked club
 t - a +1 morningstar of crushing
 v - a +3 trident of protection
 y - a +2 glaive of venom
Missiles
 p - 14 poisoned darts (quivered)
 x - 9 large rocks
 A - 5 atropa-tipped darts
Armour
 a - a +0 animal skin (worn)
 j - a +1 cloak (worn)
Jewellery
 h - a ring of protection from fire (left claw)
 B - a ring of protection from fire (right claw)
 G - a cursed ring of magical power
Wands
 F - a wand of disintegration (18)
Scrolls
 c - a scroll of magic mapping {unknown}
 e - 2 scrolls of remove curse {unknown}
 g - 2 scrolls of fog {unknown}
 i - a scroll of immolation {unknown}
 n - a scroll of amnesia {unknown}
 r - 5 scrolls of teleportation {unknown}
 u - a scroll of enchant armour {unknown}
 z - 2 scrolls of fear {unknown}
 C - a scroll of enchant weapon
 H - a scroll of identify
Potions
 d - 3 potions of heal wounds
 f - a potion of ambrosia {unknown}
 k - a potion of agility
 l - 2 potions of cancellation
 m - a potion of magic {unknown}
 o - 4 potions of curing
 q - 2 potions of mutation
 w - a potion of resistance
 D - a potion of invisibility
Comestibles
 b - 19 rations
 E - 9 chunks of flesh


   Skills:
 + Level 4.8 Fighting
 + Level 7.2 Dodging
 + Level 1.0 Stealth
 + Level 13.8 Unarmed Combat


You had 10 spell levels left.
You didn't know any spells.
Your spell library was empty.

Dungeon Overview and Level Annotations

Branches:
Dungeon (11/15)            Temple (0/1) D:4            Lair (0/6) D:10
    Orc: D:9-12

Altars:
Cheibriados
Dithmenos
Elyvilon
Kikubaaqudgha
Okawaru
Trog
Vehumet
Xom
Yredelemnul
The Shining One

Shops:
D:11 ?


Innate Abilities, Weirdness & Mutations

You are too large for most types of armour.
You have claws for hands.
Your metabolism is lightning-fast.
You like to eat raw meat.
Your natural rate of healing is unusually fast.
You are covered in fur. (AC +1)
You have extremely tough skin. (AC +3)


Message History

You feel sick.
You are no longer berserk.
Trog's vigour flows through your veins.
You are exhausted.
You feel as though you will be slow longer.
You feel sick.
The killer bee buzzes angrily.
A killer bee comes into view.
The killer bee stings you.
* * * LOW HITPOINT WARNING * * *
The killer bee closely misses you. The killer bee barely misses you.
A killer bee comes into view.
The killer bee stings you.
* * * LOW HITPOINT WARNING * * *
Found 16 gold pieces and a scroll labeled ZALOMIFFI.
As you read the scroll labeled ZALOMIFFI, it crumbles to dust.
It is a scroll of enchant weapon.
Your +2 trident of protection glows red for a moment.
You feel sick. The killer bee barely misses you. The killer bee stings you!
You die...

#...#.##.
#...#.#..
#...#.#.#
#...#(#Z#
#...#(#y#.#####
#####.(>.y.......
#.......W###y....
.........y.y.####
..#.##...y@y.# .
#..........#
#####......#
#........
#.........
####.....∩..
#.......$
#.?....##


You could see a hungry ghost and 5 killer bees.

Vanquished Creatures
  3 two-headed ogres
  2 centaur zombies
  Joseph (D:9)
  A centaur skeleton (D:10)
  A troll (D:10)
  A hippogriff (D:10)
  3 wyverns (D:10)
  Sigmund (D:3)
  A hungry ghost (D:10)
  2 orc warriors
  2 porcupines (D:10)
  3 black bears (D:10)
  2 sky beasts
  An eye of draining (D:10)
  A wolf (D:10)
  4 ogres
  A centaur (D:11)
  3 crocodiles (D:10)
  Blork the orc (D:5)
  2 bullfrogs (D:6)
  6 scorpions
  2 killer bees (D:9)
  4 wights (D:6)
  A howler monkey (D:9)
  5 hounds
  A quasit (D:10)
  3 crimson imps
  A bullfrog zombie (D:10)
  4 orc priests
  4 jellies
  4 orc wizards
  An iguana (D:5)
  Terence (D:2)
  Natasha (thrice) (D:2)
  3 worker ants
  A hound skeleton (D:10)
  A howler monkey skeleton (D:10)
  Robin (D:4)
  10 adders
  3 shadow imps
  2 oozes
  An adder zombie (D:6)
  2 worms
  3 dart slugs
  5 leopard geckos
  16 orcs
  10 giant cockroaches
  13 hobgoblins
  12 jackals
  7 kobolds
  2 quokkas
  8 bats
  10 frilled lizards
  16 goblins
  A quokka skeleton (D:4)
  12 rats
215 creatures vanquished.

Vanquished Creatures (collateral kills)
  An orc warrior (D:10)
  A crocodile (D:10)
  2 killer bees (D:9)
  2 orc priests (D:10)
  An orc wizard (D:10)
  5 orcs (D:10)
12 creatures vanquished.

Vanquished Creatures (others)
  An eye of draining (D:11)
1 creature vanquished.

Grand Total: 228 creatures vanquished

Notes
Turn   | Place    | Note
-------+----------+-------------------------------------------
     0 | D:1      | robertstho the Troll Berserker began the quest for the Orb.
     0 | D:1      | Reached XP level 1. HP: 22/22 MP: 0/0
    99 | D:1      | Reached XP level 2. HP: 29/29 MP: 1/1
   295 | D:1      | Reached ** piety under Trog
   295 | D:1      | Reached XP level 3. HP: 36/36 MP: 2/2
   683 | D:2      | Reached skill level 4 in Unarmed Combat
   703 | D:2      | Reached XP level 4. HP: 44/44 MP: 3/3
   721 | D:2      | Noticed Terence
   728 | D:2      | Killed Terence
   739 | D:2      | Noticed Natasha
   748 | D:2      | Killed Natasha
   862 | D:2      | Noticed Natasha
   878 | D:2      | Killed Natasha
   878 | D:2      | Reached XP level 5. HP: 35/52 MP: 4/4
  1040 | D:2      | Noticed Natasha
  1049 | D:2      | Killed Natasha
  1049 | D:2      | Reached skill level 5 in Unarmed Combat
  1190 | D:3      | Reached *** piety under Trog
  1424 | D:3      | Found a shadowy altar of Dithmenos.
  1551 | D:3      | Noticed Sigmund
  1573 | D:3      | Killed Sigmund
  1573 | D:3      | Reached skill level 6 in Unarmed Combat
  1573 | D:3      | Reached XP level 6. HP: 33/59 MP: 5/5
  1613 | D:3      | Found an ancient bone altar of Kikubaaqudgha.
  1753 | D:4      | Noticed a two-headed ogre
  1757 | D:4      | Reached **** piety under Trog
  1757 | D:4      | Reached XP level 7. HP: 42/66 MP: 6/6
  1774 | D:4      | Killed a two-headed ogre
  1774 | D:4      | Reached skill level 8 in Unarmed Combat
  1774 | D:4      | Reached XP level 8. HP: 23/75 MP: 7/7
  1776 | D:4      | Reached skill level 5 in Dodging
  1907 | D:4      | Found a staircase to the Ecumenical Temple.
  1934 | D:4      | Noticed Robin
  1953 | D:4      | Killed Robin
  2194 | D:4      | Found a shimmering altar of Xom.
  2233 | D:4      | Found a radiant altar of Vehumet.
  2233 | D:4      | Found a snail-covered altar of Cheibriados.
  2437 | D:4      | Reached skill level 9 in Unarmed Combat
  2486 | D:5      | Entered Level 5 of the Dungeon
  2778 | D:5      | Noticed Blork the orc
  2784 | D:5      | Killed Blork the orc
  2812 | D:5      | Found a bloodstained altar of Trog.
  2856 | D:5      | Found a white marble altar of Elyvilon.
  2909 | D:5      | Found a basalt altar of Yredelemnul.
  3078 | D:5      | Received a gift from Trog
  3269 | D:6      | Reached XP level 9. HP: 83/83 MP: 8/8
  3282 | D:6      | Reached skill level 10 in Unarmed Combat
  3378 | D:6      | Found a glowing golden altar of the Shining One.
  3711 | D:6      | You fall into a shaft and drop 3 floors!
  3715 | D:9      | Found an iron altar of Okawaru.
  4016 | D:9      | Reached skill level 11 in Unarmed Combat
  4155 | D:9      | Noticed Joseph
  4167 | D:9      | Killed Joseph
  4405 | D:10     | Entered Level 10 of the Dungeon
  4405 | D:10     | Noticed a two-headed ogre
  4420 | D:10     | Killed a two-headed ogre
  4420 | D:10     | Reached skill level 12 in Unarmed Combat
  4420 | D:10     | Reached XP level 10. HP: 27/92 MP: 9/9
  4486 | D:10     | Noticed a two-headed ogre
  4494 | D:10     | Killed a two-headed ogre
  4690 | D:10     | Reached skill level 13 in Unarmed Combat
  4716 | D:10     | Reached ***** piety under Trog
  4758 | D:10     | Found a staircase to the Lair.
  5185 | D:11     | Noticed an eight-headed hydra
  5191 | D:10     | Reached skill level 1 in Stealth
  5275 | D:11     | Reached XP level 11. HP: 101/101 MP: 10/10
  5292 | D:11     | Found Jumpeife's Magic Scroll Shoppe.
  5295 | D:11     | HP: 5/101 [poisoned by a hornet]
  5295 | D:11     | Slain by a killer bee

Levels and vault maps discovered:
D:1:      minmay_arrival_loop, layout_loops_ring, minmay_tetromino_o2
D:2:      layout_rooms, first_ration, uniq_natasha, uniq_terence
D:3:      layout_rooms, nicolae_overflow_hidden_temple, old_standard_altar,
          grunt_ministairs_4, minmay_pentomino_pile, uniq_sigmund
D:4:      layout_rooms, xom_butterflies,
          chequers_temple_overflow_statue_of_worship,
          minmay_temple_entry_antechambers, minmay_liquid_box, minmay_pentangle,
          uniq_robin
D:5:      layout_basic, kennysheep_ying_yang, overflow_temple_1_default,
          uniq_blork_the_orc
D:6:      layout_cave_pools, marbit_many_paths
D:9:      layout_stronghold, okawaru_ov_weapons_minmay, uniq_joseph
D:10:     layout_cave_pools, minmay_lair_entry_grove
D:11:     layout_basic, serial_shops, shop, uniq_erolcha

Skill      XL: |  1  2  3  4  5  6  7  8  9 10 |
---------------+-------------------------------+-----
Dodging        | 3 4 5 6 7 |  7.2
Unarmed Combat | 4 6 8 9 12 13 | 13.8
Fighting       | 3 4 |  4.8
Stealth        | 1 |  1.0

Action                   |  1- 3 |  4- 6 |  7- 9 | 10-12 || total
-------------------------+-------+-------+-------+-------++-------
Melee: Unarmed           |    99 |   168 |   237 |   112 ||   616
       Punch             |     1 |     5 |     7 |     6 ||    19
Invok: Berserk           |       |     1 |     4 |     5 ||    10
       Trog's Hand       |       |     1 |       |       ||     1
       Brothers in Arms  |       |       |     1 |     2 ||     3
  Use: Scroll            |       |       |     7 |     3 ||    10
       Potion            |       |       |       |     1 ||     1
 Stab: Sleeping          |       |       |       |     1 ||     1
  Eat: Chunk             |    12 |    11 |    27 |    22 ||    72
Armor: Animal skin       |    48 |    71 |    62 |    40 ||   221
Dodge: Dodged            |    50 |    75 |   117 |    87 ||   329

Table legend:
 A = Non-vault XP
 B = Vault XP
 C = Vault XP percentage of total XP
 D = Non-vault monster count
 E = Vault monster count
 F = Vault count percentage of total count
                 A         B        C        D         E       F
            +---------+---------+-------+---------+---------+-------
      Total |    8859 |    2415 |  21.4 |     185 |      43 |  18.9
            +---------+---------+-------+---------+---------+-------
        D:1 |      60 |       2 |   3.2 |      36 |       1 |   2.7
        D:2 |     135 |      71 |  34.5 |      17 |       2 |  10.5
        D:3 |      47 |     225 |  82.7 |      19 |       7 |  26.9
        D:4 |    1432 |     197 |  12.1 |      29 |      17 |  37.0
        D:5 |     175 |      96 |  35.4 |       9 |       1 |  10.0
        D:6 |    1146 |       2 |   0.2 |      22 |       1 |   4.3
        D:9 |     673 |     466 |  40.9 |      16 |       1 |   5.9
       D:10 |    4520 |    1356 |  23.1 |      34 |      13 |  27.7
       D:11 |     671 |       0 |   0.0 |       3 |       0 |   0.0
            +---------+---------+-------+---------+---------+-------
